 Dungeon Crawl Stone Soup version 0.30-b1-2-g02819fbbbe (webtiles) character file.

Game seed: 15295276482380180758

137 Alarkh the Insei (level 5, 42/42 HPs)
             Began as a Demonspawn Chaos Knight on May 20, 2023.
             Was a Plaything of Xom.
             Got out of the dungeon alive.
             The game lasted 00:03:46 (2256 turns).

Alarkh the Insei (Demonspawn Chaos Knight)          Turns: 2256, Time: 00:03:47

Health: 42/42      AC:  5    Str: 12    XL:     5   Next: 0%
Magic:  5/5        EV: 11    Int: 16    God:    Xom [..*...]
Gold:   157        SH:  0    Dex: 12    Spells: 4/4 levels left

rFire   . .          .
                       - Unarmed
rCold   . . .        (no shield)
rNeg    . . .        a - +2 leather armour
rPois   .            (helmet restricted)
rElec   .            (no cloak)
rCorr   .            (no gloves)
SInv    .            (no boots)
Will    .....        (no amulet)
Stlth   +            (no ring)
HPRegen 0.27/turn    (no ring)
MPRegen 0.09/turn

%: no passive effects
@: no status effects
A: antennae 1, powered by pain 1, evolution 1
a: Renounce Religion


You escaped.
You worshipped Xom.
You were a toy of Xom.
You visited 1 branch of the dungeon, and saw 3 of its levels.

You collected 157 gold pieces.

Inventory:

Hand Weapons
 c - a +1 dagger of electrocution
Armour
 a - a +2 leather armour (worn)
Wands
 k - a wand of roots (6)
Scrolls
 e - a scroll of amnesia {unknown}
 h - a scroll of magic mapping {unknown}
 j - a scroll of acquirement {unknown}
 n - a scroll of fog {unknown}
 r - a scroll of identify
Potions
 d - 2 potions of degeneration {unknown}
 f - a potion of berserk rage {unknown}
 g - a potion of invisibility
 i - a potion of curing
 l - a potion of flight {unknown}
Miscellaneous
 b - a piece from Xom's chessboard (10/15) (quivered)


   Skills:
 + Level 4.0 Fighting
 - Level 1.7 Armour
 - Level 0.8 Dodging
 * Level 4.5 Unarmed Combat


You had 4 spell levels left.
You didn't know any spells.
Your spell library contained the following spells:

 Spells                   Type           Power      Damage    Failure   Level
 Shock                    Conj/Air       0%         1d3       32%         1
 Swiftness                Air            0%         N/A       67%         3
 Airstrike                Air            0%         2d(0-16)  97%         4


Dungeon Overview and Level Annotations

Branches:
Dungeon (3/15)

Altars:

Shops:
D:1 *[


Innate Abilities, Weirdness & Mutations

You have a pair of small antennae on your head.
You sometimes gain a little power by taking damage.
You have hidden genetic potential.


Message History

The dart slug is almost dead.
The dart slug launches a dart at you. The slug dart hits you.
You hit the dart slug.
You kill the dart slug!
HP restored.
You now have 151 gold pieces (gained 6).
Items here: )) ††.
You now have 157 gold pieces (gained 6).
A goblin comes into view. It is wielding a +0 club.
Found 4 boomerangs.
The goblin shouts!
You hit the goblin.
You kill the goblin!
You have reached level 5!
Your demonic ancestry asserts itself...
A pair of antennae grows on your head!
Xom is interested.
(D) Dungeon
Where to? (Enter - D:3, ? - help)
There is a stone staircase leading up here.
You climb upwards.
There is a stone staircase leading down here.
(D) Dungeon
Where to? (Enter - D:2, ? - help)
What level of the Dungeon? (default 1, ? - help)
You see here a +0 trident.
There is a stone staircase leading up here.
You climb upwards.
There is a stone staircase leading down here.
Unknown command.
There is an open door here.
There is an escape hatch in the floor here.
There is an open door here.
There is an open door here.
There is an open door here.
You are now a toy of Xom.
There is a staircase leading out of the dungeon here.
Are you sure you want to leave the Dungeon?
This will make you lose the game!
You have escaped!

#.....)...###
#.#######...##
#.# ###..# #.#
##.####
#.####### #....#
#.......# ##...#
#.......# #...#
#.......# #...#
#.......# ##.@.#
###########
##'>..# ...#..#
#.##### ####>.##
#####'####
#..'###'.......#
#..#.>.#.......#
################


There were no monsters in sight!

Vanquished Creatures
  A hound (D:3)
  Jessica (D:2)
  2 adders (D:2)
  2 worms (D:2)
  3 dart slugs
  5 ball pythons
  5 bats (D:2)
  6 endoplasms
  3 giant cockroaches (D:1)
  8 goblins
  5 hobgoblins
  2 quokkas
  2 kobolds
  3 rats
48 creatures vanquished.

Vanquished Creatures (others)
  3 plants (D:2)
3 creatures vanquished.

Grand Total: 51 creatures vanquished

Notes
Turn   | Place    | Note
-------+----------+-------------------------------------------
     0 | D:1      | Alarkh the Demonspawn Chaos Knight began the quest for the
                  | Orb.
     0 | D:1      | Reached XP level 1. HP: 18/18 MP: 1/1
    33 | D:1      | Found Ruvir's Antique Armour Shoppe.
   309 | D:1      | Gained mutation: You sometimes gain a little power by
                  | taking damage. [demonic ancestry]
   309 | D:1      | Reached XP level 2. HP: 23/24 MP: 2/2
   403 | D:1      | XOM: silly message
   640 | D:1      | Found Nyimagu's Assorted Antiques.
   804 | D:1      | XOM: silly message
   973 | D:2      | Noticed Jessica
   980 | D:2      | Killed Jessica
   981 | D:2      | Reached XP level 3. HP: 20/29 MP: 3/3
  1224 | D:2      | Reached XP level 4. HP: 35/37 MP: 4/4
  1412 | D:2      | XOM: scenery: summon butterflies
  1487 | D:2      | XOM is BORED!
  1487 | D:2      | XOM: noise
  1525 | D:2      | XOM: god gift: 2 stones
  2147 | D:3      | XOM: give mutation
  2147 | D:3      | Gained mutation: You have hidden genetic potential. [Xom's
                  | mischief]
  2193 | D:3      | Gained mutation: You have a pair of small antennae on your
                  | head. [demonic ancestry]
  2193 | D:3      | Reached XP level 5. HP: 42/42 MP: 5/5
  2256 | D:$      | Got out of the dungeon alive.

Illustrated notes

Levels and vault maps discovered:
D:1:      dpeg_arrival_connections, layout_loops_ring, serial_shops, shop, shop,
          minmay_misc_feat_alley
D:2:      layout_loops_cross, serial_forest, infiniplex_forest_lined_room_2,
          infiniplex_forest_clump_long, infiniplex_forest_lined_room_,
          infiniplex_forest_end_double, uniq_jessica
D:3:      layout_loops_ring, serial_park_tiny_2

Skill      XL: |  1  2  3  4 |
---------------+-------------+-----
Unarmed Combat | 3 4 |  4.5
Fighting       | 4 |  4.0
Armour         | |  1.7
Dodging        | |  0.8

Action                     |  1- 3 |  4- 6 || total
---------------------------+-------+-------++-------
  Melee: Unarmed           |   100 |    83 ||   183
         Punch             |     3 |     2 ||     5
  Evoke: Piece from Xom's  |       |     7 ||     7
    Use: Potion            |     1 |       ||     1
         Scroll            |       |     2 ||     2
 Armour: Leather armour    |    34 |    25 ||    59
  Dodge: Dodged            |    67 |    33 ||   100
